 Dungeon Crawl Stone Soup version 0.31-a0-1278-g11c5b68f87 (webtiles) character file.

Game seed: 1512434193283187138

742 Zonian the Shooter (level 7, -18/59 HPs)
             Began as a Demigod Hunter on Dec 18, 2023.
             Demolished by an ogre
             ... wielding a +0 giant club
              (40 damage)
             ... on level 5 of the Dungeon.
             The game lasted 00:07:17 (4050 turns).

Zonian the Shooter (Demigod Hunter)                 Turns: 4050, Time: 00:07:18

Health: -18/59     AC:  7    Str: 12    XL:     7   Next: 22%
Magic:  9/9        EV: 14    Int: 11    God:
Gold:   240        SH:  0    Dex: 25    Spells: 6/6 levels left

rFire   . . .        a - +1 shortbow {bow}
rCold   . . .        (shield currently unavailable)
rNeg    . . .        c - +0 leather armour
rPois   .            h - +0 helmet
rElec   .            k - scarf {harm}
rCorr   .            n - +0 pair of gloves
SInv    .            f - +1 pair of boots
Will    .....        (no amulet)
Stlth   +++          (no ring)
HPRegen 0.29/turn    (no ring)
MPRegen 0.11/turn

%: harm (+30% outgoing, +20% incoming)
@: no status effects
A: high MP 1, forlorn, divine attributes
a: no special abilities


You were on level 5 of the Dungeon.
You visited 1 branch of the dungeon, and saw 5 of its levels.

You collected 240 gold pieces.


Innate Abilities, Weirdness & Mutations

You have an increased reservoir of magic. (+10% MP)
You shall have no god before yourself.
Your divine heritage dramatically boosts your attributes as you level up.


   Skills:
 + Level 4.1 Fighting
 + Level 5.2 Ranged Weapons
 + Level 4.1 Dodging
 + Level 4.1 Stealth


You had 6 spell levels left.
You didn't know any spells.
Your spell library contained the following spells:

 Spells                   Type           Power      Damage    Failure   Level
 Sandblast                Erth           0%         2d4       41%         1
 Passwall                 Tmut/Erth      0%         N/A       56%         2
 Ozocubu's Armour         Ice            0%         N/A       80%         3
 Stone Arrow              Conj/Erth      0%         3d7       80%         3
 Brom's Barrelling Bould  Conj/Erth      0%         2d3       99%         4
 Metabolic Englaciation   Hex/Ice        0%         N/A       100%        5
 Simulacrum               Ice/Necr       0%         N/A       100%        6

Inventory:

Hand Weapons
 a - a +1 shortbow (weapon) {bow}
 m - a +2 dagger of draining {short}
   (You took it off a goblin on level 4 of the Dungeon)
 t - a +0 dagger of speed {short}
   (You took it off an orc wizard on level 4 of the Dungeon)
Missiles
 p - 2 poisoned darts {throwing}
Armour
 c - a +0 leather armour (worn)
 f - a +1 pair of boots (worn)
   (You found it on level 3 of the Dungeon)
 g - the +0 pair of gloves "Tecumov" {rF+ Int+6 Dex-4 Stlth+}
   (You found it on level 3 of the Dungeon)

   Int+6:     It affects your intelligence (+6).
   Dex-4:     It affects your dexterity (-4).
   rF+:       It protects you from fire.
   Stlth+:    It makes you more stealthy.
 h - a +0 helmet (worn)
   (You found it on level 1 of the Dungeon)
 k - a scarf of harm (worn)
   (You found it on level 1 of the Dungeon)
 n - a +0 pair of gloves (worn)
   (You found it on level 2 of the Dungeon)
Jewellery
 u - a ring of willpower
   (You took it off an orc on level 4 of the Dungeon)
Wands
 j - a wand of mindburst (9)
   (You found it on level 3 of the Dungeon)
Scrolls
 b - a scroll of butterflies
 e - 2 scrolls of noise {!r}
 q - a scroll of torment {!r}
Potions
 d - 2 potions of mutation {!q}
 i - a potion of enlightenment {unknown}
 l - a potion of resistance
 o - a potion of cancellation
 r - a potion of heal wounds {@q2}
 s - a potion of might {unknown}

Dungeon Overview and Level Annotations

Branches:
Dungeon (5/15) Zot: 25877  Temple (0/1) D:4

########+#...#'#
##..#...#.....#
######..###'##..[..'..
............##.....#..
......#####..#+#.#####
......# ##...#.+...+
......# #######...###
......# #.O.....#
......## ##@#
.......########..#
................##
...............##
...............#
.......#########
...............
...............
...............


You could see an ogre.


Message History

The phantom hits you but does no damage.
You shoot an arrow. The arrow closely misses the phantom.
The phantom hits you but does no damage.
You shoot an arrow. The arrow closely misses the phantom.
The phantom misses you.
You shoot an arrow. The arrow hits the phantom.
The phantom hits you but does no damage.
The phantom barely misses you.
You shoot an arrow. The arrow hits the phantom.
The phantom hits you.
The phantom blinks!
You blink. 😕 HP[-3]
You take 3 damage, and now have 55/58 hp.
You shoot an arrow. The arrow hits the phantom!
You destroy the phantom!
Your Fighting skill increases to level 4!
Your Dodging skill increases to level 4!
Your Stealth skill increases to level 4! 😕 HP[+1]
You now have 59 max hp (+1).
No target in view!
No target in view!
Unknown command.
Key pressed, stopping explore.
You open the door.
There is an open door here.
You open the door.
There is an open door here.
You open the door.
There is an open door here.
A hound comes into view. 😎 HP[+3]
Your hp is fully restored (59).
Unknown command.
You shoot an arrow. The hound barks!
The arrow hits the hound.
The hound closely misses you.
You shoot an arrow. The arrow closely misses the hound.
The hound bites you. The hound closely misses you. 😕 HP[-2]
You take 2 damage, and now have 57/59 hp.
You shoot an arrow. The arrow hits the hound.
The hound bites you but does no damage.
The hound closely misses you. 😕 HP[+1] Unknown command.
You shoot an arrow.
The arrow hits the hound but does no damage.
The hound closely misses you.
You shoot an arrow. The arrow hits the hound!
You kill the hound!
No target in view!
Unknown command.
You open the door.
There is an open door here.
You now have 235 gold pieces (gained 10).
Key pressed, stopping explore.
You now have 240 gold pieces (gained 5).
i - a ruby potion 😎 HP[+1]
Your hp is fully restored (59).
Unknown command.
The air fills with toxic fumes!
As you read the scroll labelled SIPPEL HUHI, it crumbles to dust.
It was a scroll of poison.
Unknown command.
You start waiting.
Done waiting.
You open the door.
An ogre comes into view. It is wielding a +0 giant club.
There is an open door here.
An ogre is nearby!
Unknown command.
You shoot an arrow. The arrow hits the ogre.
The ogre shouts!
You shoot an arrow. The arrow hits the ogre.
The ogre closely misses you.
You shoot an arrow. The arrow closely misses the ogre.
The ogre hits you with a +0 giant club! 😮 HP[-18]
You take 18 damage, and now have 41/59 hp.
MASSIVE DAMAGE!! (PAUSE) Fire: a) +1 shortbow {bow}
Press: ? - help, Q - select action, (/) - cycle Shift-Dir - straight line, f/p - ogre
Aim: an ogre, wielding a +0 giant club (moderately wounded, 80% to hit)
You shoot an arrow.
The arrow hits the ogre. 😮 HP[+1] Unknown command.
Fire: a) +1 shortbow {bow}
Press: ? - help, Q - select action, (/) - cycle Shift-Dir - straight line, f/p - ogre
Aim: an ogre, wielding a +0 giant club (heavily wounded, 80% to hit)
You shoot an arrow. The arrow hits the ogre!
The ogre hits you with a +0 giant club!!
Ouch! That really hurt!
* * * LOW HITPOINT WARNING * * *
😱 HP[-38]
You take 38 damage, and now have 4/59 hp.
MASSIVE DAMAGE!! (PAUSE)
You feel much better.
The ogre hits you with a +0 giant club!!
Ouch! That really hurt!
You die...

Skill      XL: |  1  2  3  4  5  6  7 |
---------------+----------------------+-----
Stealth        | 1 2 3 4 |  4.1
Fighting       | 2 3 4 |  4.1
Dodging        | 2 3 4 |  4.1
Ranged Weapons | 4 5 |  5.2

Action                     |  1- 3 |  4- 6 |  7- 9 || total
---------------------------+-------+-------+-------++-------
   Fire: Shortbow          |   134 |   155 |    24 ||   313
    Use: Scroll            |     6 |     8 |     1 ||    15
         Potion            |       |     1 |     1 ||     2
 Armour: Leather armour    |    38 |    42 |     9 ||    89
  Dodge: Dodged            |    30 |    64 |     8 ||   102

Levels and vault maps discovered:
D:1:      minmay_arrival_radiant_lines, layout_rooms,
          nicolae_figureground_sparkle
D:2:      layout_loops_ring, minmay_tree_intersection, minmay_strange_pillars
D:3:      kb_forest_paths, layout_basic, overflow_temple_1_default,
          hellmonk_ecumenical_altar_run_dry, chequers_serial_rivers_micro_b,
          minmay_close_crescents, uniq_jessica
D:4:      layout_loops_ring, tgw_sif, minmay_temple_entry_trees, minmay_circle_x
D:5:      nicolae_cairo_tiling_large, layout_basic, general_overflow_altar,
          corexii_corridor_pit

Notes
Turn   | Place    | Note
-------+----------+-------------------------------------------
     0 | D:1      | Zonian the Demigod Hunter began the quest for the Orb.
     0 | D:1      | Reached XP level 1. HP: 17/17 MP: 3/3
     0 | D:1      | magus.rc [v1.9.6]
     8 | D:1      | Reached skill level 1 in Stealth
    33 | D:1      | Reached skill level 2 in Fighting
    33 | D:1      | Reached skill level 2 in Dodging
    50 | D:1      | Reached XP level 2. HP: 24/24 MP: 4/4
   479 | D:1      | Reached XP level 3. HP: 29/29 MP: 5/5
   837 | D:2      | Reached skill level 4 in Ranged Weapons
   957 | D:2      | Reached skill level 2 in Stealth
  1554 | D:3      | Reached XP level 4. HP: 18/37 MP: 6/6
  2113 | D:3      | Noticed Jessica
  2117 | D:3      | Killed Jessica
  2148 | D:3      | Identified the +0 pair of gloves "Tecumov" {rF+ Int+6 Dex-4
                  | Stlth+}
  2752 | D:4      | Reached XP level 5. HP: 44/44 MP: 7/7
  2772 | D:4      | Found a staircase to the Ecumenical Temple.
  2801 | D:4      | Reached skill level 3 in Fighting
  2914 | D:4      | Noticed a black bear
  2920 | D:4      | Killed a black bear
  2921 | D:4      | Reached skill level 3 in Dodging
  2921 | D:4      | Reached skill level 3 in Stealth
  3092 | D:4      | You pick up a book of Winter and begin reading...
  3092 | D:4      | You add the spells Ozocubu's Armour, Metabolic Englaciation
                  | and Simulacrum to your library.
  3123 | D:4      | Reached XP level 6. HP: 51/51 MP: 8/8
  3279 | D:4      | You pick up a book of Geomancy and begin reading...
  3279 | D:4      | You add the spells Sandblast, Passwall, Stone Arrow and
                  | Brom's Barrelling Boulder to your library.
  3461 | D:4      | Noticed a water moccasin
  3473 | D:3      | Killed a water moccasin
  3676 | D:5      | Entered Level 5 of the Dungeon
  3685 | D:5      | Reached skill level 5 in Ranged Weapons
  3688 | D:5      | Reached XP level 7. HP: 22/58 MP: 9/9
  3835 | D:5      | Reached skill level 4 in Fighting
  3835 | D:5      | Reached skill level 4 in Dodging
  3835 | D:5      | Reached skill level 4 in Stealth
  4049 | D:5      | HP: 4/59 [ogre/+0 giant club (38)]
  4050 | D:5      | Demolished by an ogre

Vanquished Creatures
  A water moccasin (D:3)
  A black bear (D:4)
  2 phantoms (D:5)
  A howler monkey (D:5)
  An orc priest (D:4)
  A hound (D:5)
  A gnoll bouda (D:4)
  Jessica (D:3)
  2 orc wizards (D:4)
  8 gnolls
  3 adders
  A worm (D:3)
  4 dart slugs
  4 orcs
  5 bats
  8 endoplasms
  3 giant cockroaches
  10 goblins
  7 hobgoblins
  A jackal (D:4)
  4 quokkas
  8 ball pythons
  3 frilled lizards
  6 kobolds
  12 rats
98 creatures vanquished.

Table legend:
 A = Non-vault XP
 B = Vault XP
 C = Vault XP percentage of total XP
 D = Non-vault monster count
 E = Vault monster count
 F = Vault count percentage of total count
                 A         B        C        D         E       F
            +---------+---------+-------+---------+---------+-------
      Total |     695 |     366 |  34.5 |      77 |      21 |  21.4
            +---------+---------+-------+---------+---------+-------
        D:1 |      54 |       0 |   0.0 |      30 |       0 |   0.0
        D:2 |      48 |       0 |   0.0 |      15 |       0 |   0.0
        D:3 |      53 |     213 |  80.1 |       9 |      14 |  60.9
        D:4 |     331 |      46 |  12.2 |      19 |       6 |  24.0
        D:5 |     209 |     107 |  33.9 |       4 |       1 |  20.0
            +---------+---------+-------+---------+---------+-------

Skill      XL: |  1  2  3  4  5  6  7 |
---------------+----------------------+-----
Stealth        | 1 2 3 4 |  4.1
Fighting       | 2 3 4 |  4.1
Dodging        | 2 3 4 |  4.1
Ranged Weapons | 4 5 |  5.2

Action                     |  1- 3 |  4- 6 |  7- 9 || total
---------------------------+-------+-------+-------++-------
   Fire: Shortbow          |   134 |   155 |    24 ||   313
    Use: Scroll            |     6 |     8 |     1 ||    15
         Potion            |       |     1 |     1 ||     2
 Armour: Leather armour    |    38 |    42 |     9 ||    89
  Dodge: Dodged            |    30 |    64 |     8 ||   102

Illustrated notes

Table legend:
 A = Kills in this place as a percentage of kills in the entire game.
 B = Kills by you in this place as a percentage of kills by you in the entire game.
 C = Kills by friends in this place as a percentage of kills by friends in the entire game.
 D = Other kills in this place as a percentage of other kills in the entire game.
 E = Experience gained in this place as a percentage of experience gained in the entire game.
 F = Experience gained in this place divided by the number of levels of this place that you have seen.
                   A       B       C       D       E      F
               +-------+-------+-------+-------+-------+----------------------
         Total | 100.0 | 100.0 |   N/A |   N/A | 100.0 | 212.2
       Dungeon | 100.0 | 100.0 |   N/A |   N/A | 100.0 | 212.2
               +-------+-------+-------+-------+-------+----------------------

Table legend: (Time is in decaauts)
 A = Elapsed time spent in this place.
 B = Non-inter-level travel time spent in this place.
 C = Inter-level travel time spent in this place.
 D = Time resting spent in this place.
 E = Time spent auto-exploring this place.
 F = Levels seen in this place.
 G = Mean time per level.
                   A        B        C        D        E       F      G
               +--------+--------+--------+--------+--------+-----+--------+
         Total |   4121 |   3930 |    191 |    708 |   2589 |   5 |  824.2 |
       Dungeon |   4121 |   3930 |    191 |    708 |   2589 |   5 |  824.2 |
               +--------+--------+--------+--------+--------+-----+--------+

Top non-repeatable levels by time:
     D:3: 1374 daAuts
     D:4: 976 daAuts
     D:2: 764 daAuts
     D:1: 626 daAuts
     D:5: 379 daAuts
